 Dungeon Sprint DCSS version 0.31-a0-1606-g60c5cc7444 (webtiles) character file.

Game seed: 3282573972580960407

4217 Conn the Destroyer (level 10, -3/61 HPs)
             Began as an Octopode Fire Elementalist on Jan 8, 2024.
             Was an Elder of Sif Muna.
             Killed from afar by a crystal guardian (38 damage)
             ... with a crystal bolt
             ... in the Dungeon (Sprint II: "The Violet Keep of Menkaure").
             The game lasted 00:19:18 (1035 turns).

Conn the Destroyer (Octopode Fire Elementalist)     Turns: 1035, Time: 00:19:19

Health: -3/61      AC:  1    Str:  7    XL:     10   Next: 30%
Magic:  0/24       EV: 16    Int: 22    God:    Sif Muna [****..]
Gold:   776        SH:  0    Dex: 13    Spells: 4/30 levels left

rFire   . .          .
                       - Unarmed
rCold   . . .        (no shield)
rNeg    . . .        (helmet restricted)
rPois   +            (no amulet)
rElec   .            e - ring of poison resistance
rCorr   .            (no ring)
SInv    .            (no ring)
Will    .....        (no ring)
Stlth   +++++        (no ring)
HPRegen 0.30/turn    (no ring)
MPRegen 0.19/turn    (no ring)
                     (no ring)

%: no teleportation
@: lethally poisoned (-3 -> -13), slowed, very slow
A: almost no armour, amphibious, 8 rings, camouflage 1, gelatinous body 1,
nimble swimmer 1, tentacles
a: Renounce Religion, Channel Magic, Forget Spell, Divine Exegesis


You were in the Dungeon.
You worshipped Sif Muna.
Sif Muna was greatly pleased with you.
You visited 1 branch You collected 1456 gold pieces.
You spent 680 gold pieces at shops.

Inventory:

Jewellery
 e - a ring of poison resistance (left tentacle)
Scrolls
 g - 2 scrolls of vulnerability
 i - a scroll of fog
 j - a scroll of revelation
 k - 2 scrolls of enchant armour
 o - 2 scrolls of immolation
 p - a scroll of silence
 s - a scroll of amnesia
Potions
 a - 5 potions of magic
 b - 2 potions of curing
 c - 2 potions of heal wounds
 d - a potion of degeneration {unknown}
 h - 4 potions of enlightenment
 l - 2 potions of resistance
 n - a potion of brilliance {unknown}
 q - a potion of cancellation {unknown}
 r - a potion of attraction {unknown}


   Skills:
 + Level 2.3 Fighting
 - Level 8.1 Dodging
 - Level 5.3 Stealth
 - Level 2.0 Unarmed Combat
 + Level 10.9 Spellcasting
 + Level 11.1 Conjurations
 + Level 6.3 Hexes
 + Level 2.2 Summonings
 + Level 10.5 Fire Magic
 + Level 2.3 Ice Magic
 * Level 10.0 Invocations


You had 4 spell levels left.
You knew the following spells:

 Your Spells              Type           Power      Damage    Failure   Level
a - Foxfire               Conj/Fire      100%       2x1d9     1%          1
b - Scorch                Fire           100%       2d9       1%          2
c - Inner Flame           Hex/Fire       49%        N/A       1%          3
d - Flame Wave            Conj/Fire      56%        2d13      1%          4
e - Hailstorm             Conj/Ice       41%        3d9       1%          3
f - Summon Ice Beast      Ice/Summ       22%        N/A       6%          3
g - Fireball              Conj/Fire      28%        3d12      1%          5
h - Iskenderun's Battles  Conj           57%        2d11      1%          5

Your spell library contained the following spells:

 Spells                   Type           Power      Damage    Failure   Level
 Volatile Blastmotes      Fire/Tloc      70%        2d15      1%          3
 Freezing Cloud           Conj/Ice/Air   15%        6-21      24%         5
 Bombard                  Conj/Erth      18%        9d4       65%         6
 Sculpt Simulacrum        Ice/Alch       8%         N/A       99%         6
 Lehudib's Crystal Spear  Conj/Erth      18%        10d5      100%        8


Dungeon Overview and Level Annotations

Branches:
Dungeon (1/1)

Altars:
Cheibriados
Dithmenos
Elyvilon
Fedhas
Gozag
Hepliaklqana
Kikubaaqudgha
Makhleb
Nemelex Xobeh
Okawaru
Qazlal
Ru
Sif Muna
Trog
Uskayaw
Vehumet
Wu Jian
Xom
Yredelemnul
Zin
The Shining One
Jiyva
Lugonu

Shops:
D :=[!?!:!=[:(!=*

Annotations:
D exclusions: oklob plant and orange crystal statue


Innate Abilities, Weirdness & Mutations

You cannot wear most types of armour.
You are amphibious.
You can wear up to eight rings at the same time.
Your skin changes colour to match your surroundings (Stealth+).
Your rubbery body absorbs attacks. (AC +1, EV +1)
You are camouflaged when in or above water. (Stealth+)
You have tentacles for arms and can constrict up to eight enemies at once.


Message History

Aiming: Lehudib's Crystal Spear
Press: ? - help, Shift-Dir - straight line, f - crystal guardian
Aim: a crystal guardian (foul pestilence, lightly damaged, ally target, 100% to hit)
You fail to use your ability.
You are engulfed in dark miasma.
You are poisoned.
You feel extremely sick.
The death drake is engulfed in a cloud of scalding steam.
The crystal guardian misses you.
The death drake is engulfed in a cloud of scalding steam.
Your ice beast barely misses the death drake.
Aiming: Lehudib's Crystal Spear
Press: ? - help, Shift-Dir - straight line, f/p - crystal guardian
Aim: a crystal guardian (foul pestilence, lightly damaged, ally target, 100% to hit)
The crystal spear hits the crystal guardian!!!
The crystal guardian is heavily damaged.
Sif Muna will no longer gift you books.
You are engulfed in dark miasma.
* * * LOW HITPOINT WARNING * * *
You feel extremely sick.
Your battlesphere fires!
The barrage of energy hits the crystal guardian but does no damage.
The crystal guardian is heavily damaged.
Your battlesphere expends the last of its energy and dissipates.
The crystal guardian fires a crystalline bolt at you.
The crystal bolt misses you.
The swamp drake is engulfed in a cloud of scalding steam.
Flame seeps out of the swamp drake.
Your ice beast barely misses the death drake.
The death drake is engulfed in a cloud of scalding steam.
The crystal guardian fires a crystalline bolt at you.
The crystal bolt misses you.
The swamp drake is engulfed in a cloud of scalding steam.
Flame seeps out of the swamp drake.
Your ice beast hits the death drake.
Your ice beast freezes the death drake!
The death drake seems to slow down.
You feel much better.
You feel very sick.
The crystal guardian fires a crystalline bolt at you.
The crystal bolt freezes you!!!
Ouch! That really hurt!
You die...

#..#,,***#.*k.#)○▓§§§§.).(▓▓,⌠,*,
##.####,,+.##.#:=▓.)...[..▓▓,,,*,
.#....#,,*°°9####▓.[(...).▓▓,,,*,
####..##**#°k##.#▓.....).[▓▓,,,*,
##.##..#,,+°☼#..#▓...(....▓▓,,,*^
#..##..#,,#.°#..#▓....(...▓▓,⌠,*,
'.##'§§####..##○#▓(......(▓▓,,,*,
#.#.#.§..###..°##▓▓▓▓▓▓▓'▓▓▓▓+▓*,
##.##......~~kk9@~~~~~~~...≈≈≈▓,,
####~~§§.§.~#Y########§###.≈≈≈▓,,
.#~~~~§~~.§~#_._._...#~~~##≈≈≈▓,,
##~~~~~~~~.§#._._._._#~~≈≈####▓▓*
#~~~§≈≈~§~~~#_._._._.#~~~~§##..#,
~~~~~≈≈≈§~~~#._._._._#~~§≈§≈#..#,
++#~§§≈≈§≈≈~#.._._._.#~§§~§§'..+,
≈~##≈§§###§≈#..._._._#~~§§≈[#§.#,
≈§≈##≈≈#,#§§#...._._.#~~≈§§§▓..#,


You could see a death drake (slow), a crystal guardian (ally target), a swamp
drake (inner flame) and a friendly ice beast (summoned).

Vanquished Creatures
  A death drake (D)
  2 deep trolls (D)
  A merfolk siren (D)
  A yaktaur (D)
  3 polar bears (D)
  A hornet (D)
  4 neqoxecs (D)
  5 crocodiles (D)
  4 necrophages (D)
  A scorpion (D)
  2 lava snakes (D)
  3 ribbon worms (D)
28 creatures vanquished.

Vanquished Creatures (others)
  Menkaure (D)
  25 foxfires (D)
  8 tentacles (D)
34 creatures vanquished.

Grand Total: 62 creatures vanquished

Notes
Turn   | Place    | Note
-------+----------+-------------------------------------------
     0 | D        | Conn the Octopode Fire Elementalist began the quest for the
                  | Orb.
     0 | D        | Reached XP level 1. HP: 11/11 MP: 3/3
     1 | D        | Noticed a necrophage
     1 | D        | Noticed a necrophage
     1 | D        | Noticed a necrophage
     1 | D        | Noticed a necrophage
     7 | D        | Killed a necrophage
     8 | D        | Reached skill level 3 in Conjurations
     8 | D        | Reached skill level 5 in Fire Magic
     8 | D        | Reached XP level 2. HP: 14/17 MP: 4/7
     8 | D        | Reached XP level 3. HP: 18/21 MP: 4/8
     8 | D        | Reached XP level 4. HP: 23/27 MP: 5/10
    11 | D        | Killed a necrophage
    12 | D        | Reached skill level 1 in Unarmed Combat
    12 | D        | Reached XP level 5. HP: 24/31 MP: 6/12
    15 | D        | Reached skill level 5 in Spellcasting
    15 | D        | Reached skill level 4 in Conjurations
    19 | D        | Reached skill level 5 in Stealth
    19 | D        | Reached skill level 5 in Conjurations
    19 | D        | Reached XP level 6. HP: 30/36 MP: 6/15
    38 | D        | Learned a level 2 spell: Scorch
    42 | D        | Learned a level 3 spell: Inner Flame
    47 | D        | Learned a level 4 spell: Flame Wave
    47 | D        | Found Iheoled's Distillery.
    47 | D        | Found Yfrik's Book Shop.
    47 | D        | Found Wuyz's Antique Armour Shop.
    47 | D        | Found Lopemedgh's Distillery.
    47 | D        | Found Lajoked's Distillery.
    48 | D        | Found Hoced's Assorted Antiques.
    48 | D        | Found Faupt's Antique Weapon Boutique.
    48 | D        | Found Fieqeasui's Book Shop.
    48 | D        | Found Ipoots's Magic Scroll Boutique.
    48 | D        | Found Alutut's Distillery.
    48 | D        | Found Tozihek's Antique Armour Boutique.
    51 | D        | Found Nith's Jewellery Boutique.
    51 | D        | Noticed a cane toad
    52 | D        | Found Iptoj's Jewellery Boutique.
    52 | D        | Found Poce's Jewellery Shop.
    53 | D        | Noticed a cane toad
    53 | D        | Noticed an oklob plant
    54 | D        | Noticed a hell hog
    57 | D        | Found Vobbaneh's Book Shoppe.
    59 | D        | Reached skill level 5 in Dodging
    59 | D        | Reached skill level 6 in Conjurations
    60 | D        | Noticed a hell hog
    87 | D        | Bought a ring of poison resistance for 240 gold pieces
   101 | D        | Noticed Menkaure
   112 | D        | Found an iron altar of Okawaru.
   112 | D        | Found an opulent altar of Gozag.
   113 | D        | Found a sparkling altar of Nemelex Xobeh.
   113 | D        | Found a blossoming altar of Fedhas.
   114 | D        | Found a radiant altar of Vehumet.
   114 | D        | Found a burning altar of Makhleb.
   114 | D        | Found a white marble altar of Elyvilon.
   115 | D        | Found a hide-covered altar of Uskayaw.
   115 | D        | Found a corrupted altar of Lugonu.
   115 | D        | Found a shadowy altar of Dithmenos.
   116 | D        | Found a glowing silver altar of Zin.
   116 | D        | Found a bloodstained altar of Trog.
   116 | D        | Found an ancient bone altar of Kikubaaqudgha.
   117 | D        | Found a basalt altar of Yredelemnul.
   117 | D        | Found a shimmering blue altar of Sif Muna.
   117 | D        | Found a viscous altar of Jiyva.
   118 | D        | Found a shimmering altar of Xom.
   118 | D        | Found a sacrificial altar of Ru.
   120 | D        | Found a glowing golden altar of the Shining One.
   120 | D        | Found an ornate altar of the Wu Jian Council.
   120 | D        | Found a stormy altar of Qazlal.
   120 | D        | Found a snail-covered altar of Cheibriados.
   120 | D        | Found a hazy altar of Hepliaklqana.
   126 | D        | Became a worshipper of Sif Muna the Loreminder
   139 | D        | Noticed a kraken
   154 | D        | Killed Menkaure
   272 | D        | Noticed a death drake
   272 | D        | Noticed a swamp drake
   272 | D        | Noticed a yaktaur
   272 | D        | Noticed a polar bear
   272 | D        | Noticed a hornet
   272 | D        | Noticed a polar bear
   272 | D        | Noticed a polar bear
   306 | D        | Killed a hornet
   306 | D        | Killed a polar bear
   307 | D        | Reached skill level 8 in Conjurations
   307 | D        | Reached XP level 7. HP: 11/41 MP: 9/18
   308 | D        | Killed a polar bear
   308 | D        | Reached * piety under Sif Muna
   309 | D        | Reached skill level 5 in Invocations
   309 | D        | Reached XP level 8. HP: 13/46 MP: 4/20
   319 | D        | Killed a polar bear
   327 | D        | Reached ** piety under Sif Muna
   328 | D        | Reached skill level 9 in Conjurations
   329 | D        | Killed a yaktaur
   339 | D        | Reached XP level 9. HP: 35/51 MP: 8/22
   420 | D        | Noticed a deep troll
   420 | D        | Noticed a deep troll
   431 | D        | Killed a deep troll
   432 | D        | Reached skill level 10 in Conjurations
   437 | D        | Killed a deep troll
   437 | D        | Reached *** piety under Sif Muna
   438 | D        | Reached skill level 10 in Spellcasting
   438 | D        | Reached skill level 5 in Hexes
   438 | D        | Reached skill level 10 in Fire Magic
   595 | D        | Reached **** piety under Sif Muna
   604 | D        | Noticed a merfolk siren
   618 | D        | Bought a book of the Tundra for 330 gold pieces
   622 | D        | Learned a level 3 spell: Hailstorm
   626 | D        | Learned a level 3 spell: Summon Ice Beast
   627 | D        | Bought 2 potions of heal wounds for 110 gold pieces
   647 | D        | Reached XP level 10. HP: 33/56 MP: 20/24
   802 | D        | Killed a merfolk siren
   803 | D        | Reached skill level 1 in Fighting
   803 | D        | Reached skill level 1 in Summonings
   803 | D        | Reached skill level 1 in Ice Magic
   882 | D        | Reached ***** piety under Sif Muna
   891 | D        | Received a gift from Sif Muna
   892 | D        | Got Wahiafis's Precepts of Arcane Combat {god gift}
   899 | D        | Learned a level 5 spell: Fireball
   905 | D        | Learned a level 5 spell: Iskenderun's Battlesphere
   930 | D        | Noticed an orange crystal statue
  1020 | D        | Noticed a death drake
  1020 | D        | Noticed a crystal guardian
  1030 | D        | Killed a death drake
  1031 | D        | Reached skill level 11 in Conjurations
  1031 | D        | Reached skill level 10 in Invocations
  1035 | D        | Killed from afar by a crystal guardian

Illustrated notes

Levels and vault maps discovered:
D:        the_violet_keep_of_menkaure [sprint2_stairs_cluster_1,
          sprint2_shoproom, sprint2_temple, sprint2_basic_supplies,
          sprint2_obstacle_5, sprint2_obstacle_2, sprint2_obstacle_4,
          sprint2_obstacle_3, sprint2_obstacle_7, sprint2_timed_cluster_1,
          sprint2_smallroom_cluster_1, sprint2_smallroom_final_cluster_1,
          sprint2_transparent_cluster_1, sprint2_second_timed_cluster_1,
          sprint2_sniper_area_1, sprint2_heavy_combat_area_1,
          sprint2_mutation_trap_area_1, sprint2_forest_area_1,
          sprint2_light_combat_area_1, sprint2_behind_water_1,
          sprint2_near_end_vault_1]

Skill      XL: |  1  2  3  4  5  6  7  8  9 10 |
---------------+-------------------------------+-----
Dodging        | 3 4 6 7 8 |  8.1
Stealth        | 3 4 5 |  5.3
Spellcasting   | 4 6 8 9 10 | 10.9
Conjurations   | 3 5 8 9 10 11 | 11.1
Fire Magic     | 5 6 7 8 9 10 | 10.5
Unarmed Combat | 1 2 |  2.0
Hexes          | 2 3 4 5 6 |  6.3
Invocations    | 4 5 7 9 10 | 10.0
Fighting       | 2 |  2.3
Summonings     | 2 |  2.2
Ice Magic      | 2 |  2.3

Action                     |  1- 3 |  4- 6 |  7- 9 | 10-12 || total
---------------------------+-------+-------+-------+-------++-------
  Melee: Unarmed           |     5 |    11 |       |     8 ||    24
         Constrict         |     1 |     3 |       |     2 ||     6
         Tentacles         |     1 |     2 |       |     1 ||     4
         Punch             |       |       |       |     1 ||     1
   Cast: Scorch            |       |     5 |    16 |     2 ||    23
         Inner Flame       |       |     4 |     2 |     4 ||    10
         Foxfire           |       |     2 |    10 |     3 ||    15
         Flame Wave        |       |     1 |     4 |     1 ||     6
         Hailstorm         |       |       |       |     6 ||     6
         Fireball          |       |       |       |     4 ||     4
         Summon Ice Beast  |       |       |       |     3 ||     3
         Lehudib's Crystal |       |       |       |     1 ||     1
         Iskenderun's Batt |       |       |       |     1 ||     1
 Invoke: Channel Magic     |       |       |     2 |     1 ||     3
         Divine Exegesis   |       |       |       |     1 ||     1
    Use: Potion            |     1 |     4 |     2 |     1 ||     8
         Scroll            |       |     7 |     1 |       ||     8
 Armour: Skin              |     1 |     6 |     9 |     9 ||    25
  Dodge: Dodged            |     1 |     9 |     6 |     6 ||    22

Table legend: (Time is in decaauts)
 A = Elapsed time spent in this place.
 B = Non-inter-level travel time spent in this place.
 C = Inter-level travel time spent in this place.
 D = Time resting spent in this place.
 E = Time spent auto-exploring this place.
 F = Levels seen in this place.
 G = Mean time per level.
                   A        B        C        D        E       F      G
               +--------+--------+--------+--------+--------+-----+--------+
         Total |   1025 |   1025 |      0 |    381 |      0 |   1 | 1025.0 |
       Dungeon |   1025 |   1025 |      0 |    381 |      0 |   1 | 1025.0 |
               +--------+--------+--------+--------+--------+-----+--------+

Top non-repeatable levels by time:
       D: 1025 daAuts
